 Dungeon Crawl Stone Soup version 0.28-a0-1435-g82390b3a13 (webtiles) character file.

Game seed: 7076521440057323379

2 HallandMoats the Skirmisher (level 1, 0/14 HPs)
             Began as a Gargoyle Fighter on Jan 9, 2022.
             Was a Follower of Sif Muna.
             Slain by a goblin (2 damage)
             ... on level 1 of the Dungeon.
             The game lasted 00:00:15 (125 turns).

HallandMoats the Skirmisher (Gargoyle Fighter)       Turns: 125, Time: 00:00:15

Health: 0/14       AC:  9    Str: 19    XL:     1   Next: 40%
Magic:  1/1        EV:  9    Int:  8    God:    Sif Muna [*.....]
Gold:   0          SH:  4    Dex:  9    Spells: 0/0 levels left

rFire   . . .      SeeInvis .   a - +0 flail
rCold   . . .      Faith    .   c - +0 buckler
rNeg    + . .      Spirit   .   b - +0 scale mail
rPois   ∞          Reflect  .   (no helmet)
rElec   +          Harm     .   (no cloak)
rCorr   .          Rampage  .   (no gloves)
Will    .....                   (no boots)
Stlth   ..........              (no amulet)
HPRegen 0.04/turn               (no ring)
MPRegen 0.07/turn               (no ring)

@: no status effects
A: sickness immunity, AC +2, negative energy resistance 1, electricity
resistance, torment resistance 1, petrification resistance
a: Renounce Religion, Channel Magic


You were on level 1 of the Dungeon.
You worshipped Sif Muna.
Sif Muna was aware of your devotion.
You visited 1 branch of the dungeon, and saw 1 of its levels.

Inventory:

Hand Weapons
 a - a +0 flail (weapon)
Armour
 b - a +0 scale mail (worn)
 c - a +0 buckler (worn)
Scrolls
 e - a scroll of identify {unknown}
Potions
 d - a potion of might


   Skills:
 * Level 3.3 Fighting
 + Level 2.0 Maces & Flails
 + Level 3.3 Armour
 + Level 0.1 Dodging
 + Level 3.3 Shields


You couldn't memorise any spells.
You didn't know any spells.
Your spell library was empty.

Dungeon Overview and Level Annotations

Branches:
Dungeon (1/15)

Altars:
Sif Muna


Innate Abilities, Weirdness & Mutations

You are immune to sickness and miasma.
Your stone body is resilient. (AC +2)
You are immune to poison.
You resist negative energy. (rN+)
You are resistant to electric shocks. (rElec)
You are resistant to unholy torment.
You are immune to petrification.


Message History

* * * LOW HITPOINT WARNING * * *
The bat barely misses you. x2; The dart slug closely misses you.
The hobgoblin hits you but does no damage.
You block the goblin's attack. The bat misses you.
The hobgoblin closely misses you. The dart slug launches a dart at you.
The slug dart misses you.
The slug dart hits the bat.
The bat dies!
The goblin hits you but does no damage.
The hobgoblin hits you but does no damage.
The goblin hits you but does no damage. The dart slug closely misses you.
The hobgoblin barely misses you. The goblin hits you but does no damage.
The dart slug launches a dart at you. You block the slug dart.
The hobgoblin hits you but does no damage.
The goblin hits you but does no damage.
The hobgoblin hits you but does no damage.
The goblin hits you with a +0 club.
* * * LOW HITPOINT WARNING * * *
The dart slug barely misses you.
The hobgoblin hits you but does no damage.
The goblin barely misses you.
The dart slug bites you but does no damage.
You block the hobgoblin's attack. You block the goblin's attack.
The hobgoblin hits you but does no damage.
The goblin closely misses you. The dart slug launches a dart at you.
The slug dart hits you but does no damage.
You block the hobgoblin's attack. The goblin hits you but does no damage.
The dart slug closely misses you. The hobgoblin hits you.
* * * LOW HITPOINT WARNING * * *
The goblin hits you but does no damage. The hobgoblin barely misses you.
The goblin closely misses you.
The dart slug bites you but does no damage.
The hobgoblin hits you but does no damage.
The goblin hits you but does no damage. The dart slug closely misses you.
The hobgoblin barely misses you. The goblin hits you but does no damage.
The dart slug bites you but does no damage.
The hobgoblin completely misses you. The goblin hits you with a +0 club.
You die...

####..... .##
.........
...####.......
#..#.......#
#..........#
#.........
#....g.w#
#....g@.#
#......##
......#.#
#..#..#.######
..... #......#
#.### ######.#
# ##.#####
#......#
...##.....)#


You could see a dart slug, a hobgoblin and a goblin.

Vanquished Creatures
  A bat (D:1)
  A kobold (D:1)
2 creatures vanquished.

Vanquished Creatures (others)
  A bat (D:1)
1 creature vanquished.

Grand Total: 3 creatures vanquished

Notes
Turn   | Place    | Note
-------+----------+-------------------------------------------
     0 | D:1      | HallandMoats the Gargoyle Fighter began the quest for the
                  | Orb.
     0 | D:1      | Reached XP level 1. HP: 14/14 MP: 1/1
    85 | D:1      | Found a faded altar of an unknown god.
    97 | D:1      | Prayed at the altar of an unknown god.
    97 | D:1      | Became a worshipper of Sif Muna the Loreminder
    97 | D:1      | Reached * piety under Sif Muna
   125 | D:1      | Slain by a goblin

Illustrated notes

Levels and vault maps discovered:
D:1:      roderic_chinese_lattice_arrival, layout_basic, basic_ecumenical_altar

Action                   || total
-------------------------++-------
Melee: Flail             ||    14
Armor: Scale mail        ||    47
Dodge: Dodged            ||    41
Block: Buckler           ||    17

Table legend: (Time is in decaauts)
 A = Elapsed time spent in this place.
 B = Non-inter-level travel time spent in this place.
 C = Inter-level travel time spent in this place.
 D = Time resting spent in this place.
 E = Time spent auto-exploring this place.
 F = Levels seen in this place.
 G = Mean time per level.
                   A        B        C        D        E       F      G
               +--------+--------+--------+--------+--------+-----+--------+
         Total |    129 |    129 |      0 |      0 |     70 |   1 |  129.0 |
       Dungeon |    129 |    129 |      0 |      0 |     70 |   1 |  129.0 |
               +--------+--------+--------+--------+--------+-----+--------+

Top non-repeatable levels by time:
     D:1: 129 daAuts
